Blackhawks vs Senateurs (R1)

Created - February 18, 2022 at 19:06

Goals
1 2 3 T
Blackhawks 1 1 2 4
Senateurs 0 2 1 3
Shots
1 2 3 T
Blackhawks 4 14 11 29
Senateurs 12 14 5 31

1st period

1. Blackhawks , Jakob Silfverberg 12 (Jordan Staal 12, Calvin de Haan 7) at 10:23

Penalties :
Matt Martin (Ott) for Holding (Minor) at 4:52, Antoine Roussel (Chi) for Goalie Interference (Minor) at 7:28, Johnny Gaudreau (Chi) for Hooking (Minor) at 10:46, Shane O'Brien (Chi) for Roughing (Minor) at 13:15, Calvin de Haan (Chi) for Interference (Minor) at 17:22

2nd period

2. Blackhawks , Antoine Roussel 12 (Derick Brassard 25, Calvin de Haan 8) at 4:19
3. Senateurs , Sergei Kostitsyn 4 (Michael Matheson 2) at 7:03
4. Senateurs , Ryan Getzlaf 8 (Bobby Ryan 11) at 14:18

Penalties :
Jakob Silfverberg (Chi) for Holding (Minor) at 7:48, Rostislav Olesz (Ott) for Holding (Minor) at 8:36, Derick Brassard (Chi) for High sticking (Minor) at 11:41

3rd period

5. Senateurs , Matt Martin 11 (Cody Franson 7, Jean-Gabriel Pageau 13) at 9:03 (PP)
6. Blackhawks , Jordan Staal 5 (Jakob Silfverberg 6, Johnny Gaudreau 20) at 17:06
7. Blackhawks , Alexander Frolov 3 (Garnet Hathaway 5) at 19:18

Penalties :
John Carlson (Chi) for High sticking (Minor) at 3:22, Raphael Diaz (Chi) for Hooking (Minor) at 8:24, Jakob Silfverberg (Chi) for Hooking (Minor) at 13:06, Mike Green (Ott) for Roughing (Minor) at 17:09

Goalie Stats

Tuukka Rask (Chi), 28 saves from 31 shots - (0.903), W, 10-7-5, 60:00 minutes
Brian Elliott (Ott), 25 saves from 29 shots - (0.862), L, 7-8-2, 60:00 minutes

Players Stats for Blackhawks

Player Name              G  A  P  +/- PIM S  H  SB GA TA FO     MP     PP MP  PK MP  
------------------------------------------------------------------------------------
Alexander Frolov         1  0  1   1  0   2  2  1  0  1  1/1    10:20   0:02   2:42 
Antoine Roussel          1  0  1   0  2   4  0  1  0  1  3/3    17:44   2:11   4:06 
Blake Wheeler            0  0  0   0  0   0  0  0  0  0  0/2    13:33   2:11   0:00 
Brett Maclean            0  0  0   0  0   0  0  1  0  0  0/0     6:53   0:00   0:00 
Calvin de Haan           0  2  2   2  2   1  2  1  1  0  0/0    21:11   1:35   5:24 
Colby Armstrong          0  0  0   0  0   1  0  0  0  0  0/1     6:53   0:00   0:00 
Derick Brassard          0  1  1   0  2   1  1  0  0  0  7/16   15:57   2:11   2:18 
Garnet Hathaway          0  1  1   1  0   1  0  0  0  0  0/0     6:53   0:00   0:00 
Jakob Silfverberg        1  1  2   1  4   4  0  0  0  0  1/1    23:15   2:35   6:37 
James Wright             0  0  0   1  0   0  0  0  0  0  4/5    10:14   0:00   3:19 
Jamie McBain             0  0  0  -2  0   2  1  2  0  0  0/0    29:17   3:11   9:22 
John Carlson             0  0  0  -1  2   1  0  3  1  1  0/0    26:57   3:11   7:38 
Johnny Gaudreau          0  1  1   1  2   6  0  0  0  1  7/15   24:03   2:33   7:07 
Jordan Staal             1  1  2   1  0   4  4  0  0  2  7/19   20:30   2:35   4:31 
Matthew Spiller          0  0  0   0  0   0  0  2  0  0  0/0    10:32   0:00   1:41 
Nick Bonino              0  0  0   0  0   1  0  2  1  1  4/4     6:53   0:00   0:00 
Raphael Diaz             0  0  0   3  2   1  2  0  0  0  0/0    22:13   1:35   6:35 
Shane O'Brien            0  0  0   2  2   0  0  2  0  0  0/0    10:02   0:00   0:00 

Players Stats for Senateurs

Player Name              G  A  P  +/- PIM S  H  SB GA TA FO     MP     PP MP  PK MP  
------------------------------------------------------------------------------------
Bobby Ryan               0  1  1   0  0   2  2  0  1  0  0/0    16:08   6:57   0:00 
Brandon Burlon           0  0  0   1  0   1  1  1  0  0  0/0    11:59   0:00   0:59 
Cody Franson             0  1  1  -2  0   2  1  1  1  0  0/0    19:35   5:15   2:05 
Eric Gelinas             0  0  0  -2  0   2  2  2  0  2  0/0    30:14  10:05   2:41 
Jean-Gabriel Pageau      0  1  1   0  0   2  1  0  1  1  4/13   18:47   6:57   1:32 
Loui Eriksson            0  0  0   1  0   5  0  0  0  0  0/1     7:19   0:00   0:00 
Matt Martin              1  0  1   0  2   3  4  1  0  0  0/0    19:29   6:57   1:37 
Michael Matheson         0  1  1   2  0   0  0  0  0  0  0/0    10:11   0:00   0:00 
Michael Raffl            0  0  0   0  0   0  2  0  0  0  0/0    10:05   0:05   0:54 
Mike Green               0  0  0  -1  2   1  2  0  1  0  0/0    22:18  10:05   1:06 
Peter Mueller            0  0  0   1  0   1  1  0  0  0  1/2     6:46   0:00   0:00 
Reilly Smith             0  0  0  -3  0   2  2  0  1  0  1/1    23:55   8:23   1:49 
Rickard Rakell           0  0  0   0  0   1  0  0  0  0  0/2    10:05   0:00   0:00 
Rostislav Olesz          0  0  0  -3  2   4  2  1  1  0  0/0    21:54   8:17   1:03 
Ryan Getzlaf             1  0  1   0  0   2  0  0  0  0  2/6     8:00   0:00   0:00 
Sergei Kostitsyn         1  0  1   1  0   1  0  0  0  0  1/1     6:23   0:00   0:00 
Sidney Crosby            0  0  0  -3  0   2  5  0  0  0  24/41  25:08   8:23   2:37 
Taylor Chorney           0  0  0  -2  0   0  1  1  1  0  0/0    25:44   5:15   2:41 

3 Stars

1 - Jordan Staal (Chi)
2 - Alexander Frolov (Chi)
3 - Calvin de Haan (Chi)

Power Play

Blackhawks - 0 on 3 Attempt(s) - 0.00%
Senateurs - 1 on 9 Attempt(s) - 11.11%

Penalty Kill

Blackhawks - 8 on 9 Attempt(s) - 88.89% - Score 0 goal in Penalty Kill
Senateurs - 3 on 3 Attempt(s) - 100.00% - Score 0 goal in Penalty Kill

Team Stat

Blackhawks - Hits : 12 - Faceoff Wins : 34 - Blocked Shots : 15 - Penalty Minutes : 18
Senateurs - Hits : 26 - Faceoff Wins : 33 - Blocked Shots : 7 - Penalty Minutes : 6

Official

Referees : Conor O'Donnell and Peter MacDougall
Linesman : Tony Sericolo and Shandor Alphonso

Game Notes

Matthew Spiller is injured at 12:02 of 3rd period (Sprained Right Ankle)

Finance

Level 1 -- Attendance: 6000 (100.00%) -- Ticket Income $600,000
Level 2 -- Attendance: 4789 (95.78%) -- Ticket Income $287,340
Level 3 -- Attendance: 1854 (92.70%) -- Ticket Income $64,890
Level 4 -- Attendance: 4000 (100.00%) -- Ticket Income $100,000
Luxury Box -- Attendance: 1000 (100.00%) -- Ticket Income $200,000
Game was played at the Centre Canadian Tire.
Total Attendance: 17643 (98.02%)
Total Ticket Income: $1,252,230
Other Income: $187,834
Total Income: $1,440,064

Blackhawks

5 vs 5 Forward 
   Center                   Left Wing                Right Wing               Time % Phy DF OF 
 1 Jordan Staal             Johnny Gaudreau          Jakob Silfverberg        40     1   2  2  
 2 Derick Brassard          Antoine Roussel          Blake Wheeler            30     1   2  2  
 3 James Wright             Alexander Frolov         Garnet Hathaway          20     1   2  2  
 4 Nick Bonino              Brett Maclean            Colby Armstrong          10     1   2  2  

5 vs 5 Defense 
   Defense                  Defense                                           Time % Phy DF OF 
 1 John Carlson             Jamie McBain                                      40     1   2  2  
 2 Raphael Diaz             Calvin de Haan                                    30     1   2  2  
 3 Shane O'Brien            Matthew Spiller                                   20     1   2  2  
 4 John Carlson             Jamie McBain                                      10     1   2  2  

PowerPlay Forward 
   Center                   Left Wing                Right Wing               Time % Phy DF OF 
 1 Jordan Staal             Johnny Gaudreau          Jakob Silfverberg        60     1   2  2  
 2 Derick Brassard          Antoine Roussel          Blake Wheeler            40     1   2  2  

PowerPlay Defense
   Defense                  Defense                                           Time % Phy DF OF 
 1 John Carlson             Jamie McBain                                      60     1   2  2  
 2 Raphael Diaz             Calvin de Haan                                    40     1   2  2  

Penalty Kill 4 Players Forward 
   Center                   Wing                     Time % Phy DF OF 
 1 Johnny Gaudreau          Jakob Silfverberg        60     1   2  2  
 2 Antoine Roussel          Jordan Staal             40     1   2  2  

Penalty Kill 4 Players Defense
   Defense                  Defense                  Time % Phy DF OF 
 1 John Carlson             Jamie McBain             60     1   2  2  
 2 Raphael Diaz             Calvin de Haan           40     1   2  2  

Penalty Kill - 3 Players Forward 
   Forward                                           Time % Phy DF OF 
 1 Johnny Gaudreau                                   60     1   2  2  
 2 Jakob Silfverberg                                 40     1   2  2  

Penalty Kill - 3 Players Defense
   Defense                  Defense                  Time % Phy DF OF 
 1 John Carlson             Jamie McBain             60     1   2  2  
 2 Raphael Diaz             Calvin de Haan           40     1   2  2  

4 vs 4 Forward 
   Center                   Wing                     Time % Phy DF OF 
 1 Johnny Gaudreau          Jakob Silfverberg        60     1   2  2  
 2 Antoine Roussel          Jordan Staal             40     1   2  2  

4 vs 4 Defense
   Defense                  Defense                  Time % Phy DF OF 
 1 John Carlson             Jamie McBain             60     1   2  2  
 2 Raphael Diaz             Calvin de Haan           40     1   2  2  

Last Minutes Offensive
   Center                   Left Wing                Right Wing               Defense                  Defense                  
   Jordan Staal             Johnny Gaudreau          Jakob Silfverberg        John Carlson             Jamie McBain             

Last Minutes Defensive
   Center                   Left Wing                Right Wing               Defense                  Defense                  
   Jordan Staal             Johnny Gaudreau          Jakob Silfverberg        John Carlson             Jamie McBain             

Goaltenders
Starting : Tuukka Rask              
Backup : Josh Harding             

Extra Forwards
Normal : Alexander Frolov, Garnet Hathaway, James Wright - PP : Alexander Frolov, Garnet Hathaway - PK : James Wright
Extra Defensemen
Normal : Shane O'Brien, Matthew Spiller, Raphael Diaz - PP : Shane O'Brien - PK : Matthew Spiller, Raphael Diaz
Penalty Shots
Johnny Gaudreau, Jakob Silfverberg, Antoine Roussel, Jordan Staal, Derick Brassard

Scratches
Nikita Zadorov (Healthy), Stefan Matteau (Healthy)

Senateurs

5 vs 5 Forward 
   Center                   Left Wing                Right Wing               Time % Phy DF OF 
 1 Sidney Crosby            Rostislav Olesz          Reilly Smith             40     0   1  4  
 2 Jean-Gabriel Pageau      Matt Martin              Rickard Rakell           35     0   1  4  
 3 Ryan Getzlaf             Michael Raffl            Bobby Ryan               15     0   2  3  
 4 Peter Mueller            Sergei Kostitsyn         Loui Eriksson            10     0   2  3  

5 vs 5 Defense 
   Defense                  Defense                                           Time % Phy DF OF 
 1 Eric Gelinas             Taylor Chorney                                    40     0   2  3  
 2 Cody Franson             Mike Green                                        30     0   2  3  
 3 Brandon Burlon           Michael Matheson                                  20     0   2  3  
 4 Eric Gelinas             Taylor Chorney                                    10     1   3  1  

PowerPlay Forward 
   Center                   Left Wing                Right Wing               Time % Phy DF OF 
 1 Sidney Crosby            Rostislav Olesz          Reilly Smith             60     0   1  4  
 2 Jean-Gabriel Pageau      Matt Martin              Bobby Ryan               40     0   1  4  

PowerPlay Defense
   Defense                  Defense                                           Time % Phy DF OF 
 1 Mike Green               Eric Gelinas                                      60     0   2  3  
 2 Cody Franson             Taylor Chorney                                    40     0   2  3  

Penalty Kill 4 Players Forward 
   Center                   Wing                     Time % Phy DF OF 
 1 Sidney Crosby            Matt Martin              60     1   3  1  
 2 Jean-Gabriel Pageau      Rostislav Olesz          40     1   3  1  

Penalty Kill 4 Players Defense
   Defense                  Defense                  Time % Phy DF OF 
 1 Eric Gelinas             Taylor Chorney           60     1   3  1  
 2 Cody Franson             Mike Green               40     1   3  1  

Penalty Kill - 3 Players Forward 
   Forward                                           Time % Phy DF OF 
 1 Sidney Crosby                                     60     0   4  1  
 2 Jean-Gabriel Pageau                               40     0   4  1  

Penalty Kill - 3 Players Defense
   Defense                  Defense                  Time % Phy DF OF 
 1 Eric Gelinas             Taylor Chorney           60     0   4  1  
 2 Cody Franson             Mike Green               40     0   4  1  

4 vs 4 Forward 
   Center                   Wing                     Time % Phy DF OF 
 1 Sidney Crosby            Reilly Smith             60     0   2  3  
 2 Jean-Gabriel Pageau      Rostislav Olesz          40     0   2  3  

4 vs 4 Defense
   Defense                  Defense                  Time % Phy DF OF 
 1 Eric Gelinas             Taylor Chorney           60     0   2  3  
 2 Cody Franson             Mike Green               40     0   2  3  

Last Minutes Offensive
   Center                   Left Wing                Right Wing               Defense                  Defense                  
   Sidney Crosby            Matt Martin              Bobby Ryan               Eric Gelinas             Mike Green               

Last Minutes Defensive
   Center                   Left Wing                Right Wing               Defense                  Defense                  
   Sidney Crosby            Matt Martin              Bobby Ryan               Eric Gelinas             Mike Green               

Goaltenders
Starting : Brian Elliott            
Backup : Viktor Fasth             

Extra Forwards
Normal : Reilly Smith, Loui Eriksson, Rostislav Olesz - PP : Sidney Crosby, Jean-Gabriel Pageau - PK : Reilly Smith
Extra Defensemen
Normal : Taylor Chorney, Brandon Burlon, Michael Matheson - PP : Taylor Chorney - PK : Taylor Chorney, Brandon Burlon
Penalty Shots
Sidney Crosby, Matt Martin, Jean-Gabriel Pageau, Bobby Ryan, Reilly Smith

Scratches
A.J. Jenks (Healthy), Nate Prosser (Healthy), T.J. Fast (Healthy)

% Time on Ice - Blackhawks

Lines # - Real PCT - Wanted PCT - Time Play
Normal Forward
1 - 35% - 40% - 13:25
2 - 30% - 30% - 11:25
3 - 17% - 20% - 6:19
4 - 18% - 10% - 6:53
Normal Defense
1 - 39% - 40% - 14:40
2 - 34% - 30% - 12:57
3 - 26% - 20% - 10:02
4 - 1% - 10% - 0:23
PP Forward
1 - 54% - 60% - 2:35
2 - 46% - 40% - 2:11
PP Defense
1 - 67% - 60% - 3:11
2 - 33% - 40% - 1:35
PK Forward
1 - 71% - 60% - 10:49
2 - 29% - 40% - 4:31
PK Defense
1 - 58% - 60% - 8:52
2 - 42% - 40% - 6:28
PK3 Forward
1 - 0% - 60%
2 - 0% - 40%
PK3 Defense
1 - 0% - 60%
2 - 0% - 40%
44 Forward
1 - 100% - 60% - 1:11
2 - 0% - 40% - 0:00
44 Defense
1 - 68% - 60% - 0:48
2 - 32% - 40% - 0:23
Last Minute Offensive  - 0:00
Last Minute Defensive  - 0:41
Total
Forward - 60:00
Defense - 60:00

% Time on Ice - Senateurs

Lines # - Real PCT - Wanted PCT - Time Play
Normal Forward
1 - 34% - 40% - 12:51
2 - 28% - 35% - 10:48
3 - 21% - 15% - 8:00
4 - 17% - 10% - 6:23
Normal Defense
1 - 40% - 40% - 15:22
2 - 31% - 30% - 11:47
3 - 27% - 20% - 10:11
4 - 2% - 10% - 0:42
PP Forward
1 - 55% - 60% - 8:23
2 - 45% - 40% - 6:57
PP Defense
1 - 66% - 60% - 10:05
2 - 34% - 40% - 5:15
PK Forward
1 - 78% - 60% - 3:43
2 - 22% - 40% - 1:03
PK Defense
1 - 56% - 60% - 2:41
2 - 44% - 40% - 2:05
PK3 Forward
1 - 0% - 60%
2 - 0% - 40%
PK3 Defense
1 - 0% - 60%
2 - 0% - 40%
44 Forward
1 - 76% - 60% - 0:54
2 - 24% - 40% - 0:17
44 Defense
1 - 61% - 60% - 0:43
2 - 39% - 40% - 0:28
Last Minute Offensive  - 0:41
Last Minute Defensive  - 0:00
Total
Forward - 60:00
Defense - 60:00

Play-by-Play

1st period


0:01 of 1st period - Jordan Staal wins face-off versus Sidney Crosby in neutral zone.
0:05 of 1st period - John Carlson is hit by Sidney Crosby and loses puck.
0:08 of 1st period - Wrist shot by Johnny Gaudreau.
0:08 of 1st period - Deflect By Jordan Staal.
0:08 of 1st period - Shot Misses the Net.
0:08 of 1st period - Puck is out of play.
0:09 of 1st period - Sidney Crosby wins face-off versus Jordan Staal in Senateurs zone.
1:22 of 1st period - Wrist shot by Sidney Crosby.
1:22 of 1st period - Stopped by Tuukka Rask without a rebound.
1:23 of 1st period - Derick Brassard wins face-off versus Jean-Gabriel Pageau in Blackhawks zone.
1:49 of 1st period - Cody Franson is hit by Raphael Diaz and loses puck.
2:14 of 1st period - Wrist shot by Peter Mueller.
2:14 of 1st period - Shot Misses the Net.
2:16 of 1st period - Snap shot by Cody Franson.
2:16 of 1st period - Stopped by Tuukka Rask without a rebound.
2:17 of 1st period - Peter Mueller wins face-off versus Derick Brassard in Blackhawks zone.
2:26 of 1st period - Backhand shot by Peter Mueller.
2:26 of 1st period - Deflect By Loui Eriksson.
2:26 of 1st period - Stopped by Tuukka Rask without a rebound.
2:27 of 1st period - Jean-Gabriel Pageau wins face-off versus Derick Brassard in Blackhawks zone.
2:28 of 1st period - Backhand shot by Matt Martin.
2:28 of 1st period - Shot Misses the Net.
2:30 of 1st period - Snap shot by Matt Martin.
2:30 of 1st period - Shot Blocked by Matthew Spiller.
2:32 of 1st period - Snap shot by Jean-Gabriel Pageau.
2:32 of 1st period - Shot Misses the Net.
3:01 of 1st period - Wrist shot by Peter Mueller.
3:01 of 1st period - Shot Blocked by John Carlson.
3:03 of 1st period - Slapshot by Eric Gelinas.
3:03 of 1st period - Shot Blocked by Jamie McBain.
3:05 of 1st period - Slapshot by Eric Gelinas.
3:05 of 1st period - Deflect By Loui Eriksson.
3:05 of 1st period - Stopped by Tuukka Rask with a rebound.
3:35 of 1st period - Calvin de Haan is hit by Matt Martin and loses puck.
3:42 of 1st period - Slapshot by Matt Martin.
3:42 of 1st period - Shot Misses the Net.
3:44 of 1st period - Snap shot by Michael Matheson.
3:44 of 1st period - Deflect By Rickard Rakell.
3:44 of 1st period - Shot Blocked by Brett Maclean.
3:44 of 1st period - Puck is out of play.
3:45 of 1st period - Sidney Crosby wins face-off versus Jordan Staal in Blackhawks zone.
3:46 of 1st period - Snap shot by Reilly Smith.
3:46 of 1st period - Stopped by Tuukka Rask with a rebound.
4:11 of 1st period - Slapshot by Reilly Smith.
4:11 of 1st period - Shot Blocked by Jamie McBain.
4:19 of 1st period - Snap shot by Matt Martin.
4:19 of 1st period - Shot Misses the Net.
4:47 of 1st period - Snap shot by Colby Armstrong.
4:47 of 1st period - Shot Blocked by Matt Martin.
4:52 of 1st period - Minor Penalty to Matt Martin for Holding.
4:53 of 1st period - Sidney Crosby wins face-off versus Jordan Staal in Senateurs zone.
5:05 of 1st period - Snap shot by Johnny Gaudreau.
5:05 of 1st period - Deflect By Eric Gelinas.
5:05 of 1st period - Stopped by Brian Elliott with a rebound.
5:07 of 1st period - Backhand shot by Johnny Gaudreau.
5:07 of 1st period - Stopped by Brian Elliott without a rebound.
5:08 of 1st period - Jordan Staal wins face-off versus Sidney Crosby in Senateurs zone.
5:17 of 1st period - Wrist shot by Johnny Gaudreau.
5:17 of 1st period - Shot Misses the Net.
5:33 of 1st period - Jamie McBain is hit by Michael Raffl and loses puck.
5:46 of 1st period - John Carlson is hit by Mike Green.
5:50 of 1st period - Wrist shot by Jean-Gabriel Pageau.
5:50 of 1st period - Stopped by Tuukka Rask without a rebound.
5:51 of 1st period - Sidney Crosby wins face-off versus Jordan Staal in Blackhawks zone.
6:38 of 1st period - Michael Raffl is hit by Jamie McBain and loses puck.
6:52 of 1st period - Penalty to Matt Martin is over, Matt Martin is back on ice.
7:06 of 1st period - Slapshot by Reilly Smith.
7:06 of 1st period - Stopped by Tuukka Rask without a rebound.
7:07 of 1st period - Derick Brassard wins face-off versus Jean-Gabriel Pageau in Blackhawks zone.
7:22 of 1st period - Wrist shot by Matt Martin.
7:22 of 1st period - Stopped by Tuukka Rask with a rebound.
7:28 of 1st period - Minor Penalty to Antoine Roussel for Goalie Interference.
7:29 of 1st period - Sidney Crosby wins face-off versus Johnny Gaudreau in Blackhawks zone.
7:32 of 1st period - Snap shot by Sidney Crosby.
7:32 of 1st period - Shot Misses the Net.
9:28 of 1st period - Penalty to Antoine Roussel is over, Antoine Roussel is back on ice.
9:33 of 1st period - Off-side.
9:34 of 1st period - Nick Bonino wins face-off versus Peter Mueller in neutral zone.
9:51 of 1st period - Snap shot by Sergei Kostitsyn.
9:51 of 1st period - Shot Misses the Net.
10:03 of 1st period - Wrist shot by Rostislav Olesz.
10:03 of 1st period - Shot Blocked by Matthew Spiller.
10:05 of 1st period - Slapshot by Cody Franson.
10:05 of 1st period - Shot Misses the Net.
10:07 of 1st period - Slapshot by Mike Green.
10:07 of 1st period - Stopped by Tuukka Rask without a rebound.
10:08 of 1st period - Sidney Crosby wins face-off versus Jordan Staal in Blackhawks zone.
10:21 of 1st period - Slapshot by Jordan Staal.
10:21 of 1st period - Shot Blocked by Cody Franson.
10:23 of 1st period - Snap shot by Jakob Silfverberg.
10:23 of 1st period - Goal by Jakob Silfverberg - Blackhawks : 1 - Senateurs : 0.
10:24 of 1st period - Jakob Silfverberg wins face-off versus Sidney Crosby in neutral zone.
10:24 of 1st period - Jakob Silfverberg is hit by Rostislav Olesz.
10:46 of 1st period - Minor Penalty to Johnny Gaudreau for Hooking.
10:47 of 1st period - James Wright wins face-off versus Sidney Crosby in Blackhawks zone.
10:58 of 1st period - James Wright is hit by Reilly Smith and loses puck.
11:17 of 1st period - John Carlson is hit by Bobby Ryan and loses puck.
12:46 of 1st period - Penalty to Johnny Gaudreau is over, Johnny Gaudreau is back on ice.
13:07 of 1st period - Slapshot by Taylor Chorney.
13:07 of 1st period - Shot Blocked by Antoine Roussel.
13:15 of 1st period - Minor Penalty to Shane O'Brien for Roughing.
13:16 of 1st period - Johnny Gaudreau wins face-off versus Sidney Crosby in Blackhawks zone.
13:16 of 1st period - Johnny Gaudreau is hit by Sidney Crosby.
14:18 of 1st period - Antoine Roussel is hit by Jean-Gabriel Pageau.
14:22 of 1st period - Jordan Staal is hit by Matt Martin and loses puck.
14:50 of 1st period - Jean-Gabriel Pageau is hit by Jordan Staal and loses puck.
15:15 of 1st period - Penalty to Shane O'Brien is over, Shane O'Brien is back on ice.
15:27 of 1st period - Shane O'Brien is hit by Cody Franson and loses puck.
16:29 of 1st period - Shane O'Brien is hit by Michael Raffl and loses puck.
17:06 of 1st period - Raphael Diaz is hit by Brandon Burlon and loses puck.
17:22 of 1st period - Minor Penalty to Calvin de Haan for Interference.
17:23 of 1st period - Sidney Crosby wins face-off versus Johnny Gaudreau in Blackhawks zone.
17:29 of 1st period - Slapshot by Sidney Crosby.
17:29 of 1st period - Shot Blocked by John Carlson.
17:31 of 1st period - Snap shot by Sidney Crosby.
17:31 of 1st period - Shot Misses the Net.
17:33 of 1st period - Snap shot by Reilly Smith.
17:33 of 1st period - Shot Misses the Net.
17:35 of 1st period - Snap shot by Reilly Smith.
17:35 of 1st period - Shot Misses the Net.
17:37 of 1st period - Backhand shot by Eric Gelinas.
17:37 of 1st period - Deflect By Johnny Gaudreau.
17:37 of 1st period - Stopped by Tuukka Rask with a rebound.
17:49 of 1st period - Eric Gelinas is hit by Jordan Staal.
17:57 of 1st period - Wrist shot by Antoine Roussel.
17:57 of 1st period - Stopped by Brian Elliott without a rebound.
17:58 of 1st period - Johnny Gaudreau wins face-off versus Sidney Crosby in Senateurs zone.
19:22 of 1st period - Penalty to Calvin de Haan is over, Calvin de Haan is back on ice.
19:29 of 1st period - Snap shot by Sergei Kostitsyn.
19:29 of 1st period - Deflect By Calvin de Haan.
19:29 of 1st period - Shot Blocked by John Carlson.
19:29 of 1st period - Puck is out of play.
19:30 of 1st period - Sergei Kostitsyn wins face-off versus Derick Brassard in Blackhawks zone.
19:39 of 1st period - Slapshot by Loui Eriksson.
19:39 of 1st period - Stopped by Tuukka Rask with a rebound.
19:41 of 1st period - Slapshot by Loui Eriksson.
19:41 of 1st period - Shot Blocked by Shane O'Brien.
19:43 of 1st period - Wrist shot by Sergei Kostitsyn.
19:43 of 1st period - Deflect By Peter Mueller.
19:43 of 1st period - Shot Misses the Net.
19:43 of 1st period - Puck is out of play.
19:44 of 1st period - Sidney Crosby wins face-off versus Derick Brassard in Blackhawks zone.
19:47 of 1st period - Slapshot by Rostislav Olesz.
19:47 of 1st period - Stopped by Tuukka Rask without a rebound.
19:48 of 1st period - Sidney Crosby wins face-off versus Blake Wheeler in Blackhawks zone.
Goals for this period are 1 for Blackhawks vs 0 for Senateurs.
Shots for this period are 4 for Blackhawks vs 12 for Senateurs.

2nd period


0:01 of 2nd period - Jordan Staal wins face-off versus Sidney Crosby in neutral zone.
0:14 of 2nd period - Snap shot by Johnny Gaudreau.
0:14 of 2nd period - Stopped by Brian Elliott without a rebound.
0:15 of 2nd period - Johnny Gaudreau wins face-off versus Jean-Gabriel Pageau in Senateurs zone.
0:18 of 2nd period - Snap shot by Jakob Silfverberg.
0:18 of 2nd period - Stopped by Brian Elliott without a rebound.
0:19 of 2nd period - Jordan Staal wins face-off versus Jean-Gabriel Pageau in Senateurs zone.
0:24 of 2nd period - Wrist shot by Jakob Silfverberg.
0:24 of 2nd period - Shot Blocked by Eric Gelinas.
1:07 of 2nd period - Snap shot by Jakob Silfverberg.
1:07 of 2nd period - Deflect By Johnny Gaudreau.
1:07 of 2nd period - Shot Blocked by Taylor Chorney.
1:07 of 2nd period - Puck is out of play.
1:08 of 2nd period - Sidney Crosby wins face-off versus Derick Brassard in Senateurs zone.
1:20 of 2nd period - Off-side.
1:21 of 2nd period - Antoine Roussel wins face-off versus Sidney Crosby in neutral zone.
1:21 of 2nd period - Calvin de Haan is hit by Sidney Crosby and loses puck.
1:34 of 2nd period - Snap shot by Rostislav Olesz.
1:34 of 2nd period - Shot Misses the Net.
2:02 of 2nd period - Mike Green is hit by Alexander Frolov and loses puck.
2:33 of 2nd period - Slapshot by Jamie McBain.
2:33 of 2nd period - Stopped by Brian Elliott without a rebound.
2:34 of 2nd period - Sidney Crosby wins face-off versus Colby Armstrong in Senateurs zone.
2:51 of 2nd period - Slapshot by Raphael Diaz.
2:51 of 2nd period - Stopped by Brian Elliott with a rebound.
3:03 of 2nd period - Slapshot by Matt Martin.
3:03 of 2nd period - Shot Misses the Net.
3:10 of 2nd period - Off-side.
3:11 of 2nd period - Derick Brassard wins face-off versus Jean-Gabriel Pageau in neutral zone.
3:27 of 2nd period - Slapshot by Derick Brassard.
3:27 of 2nd period - Shot Misses the Net.
4:11 of 2nd period - Icing by Michael Raffl.
4:12 of 2nd period - Derick Brassard wins face-off versus Ryan Getzlaf in Senateurs zone.
4:19 of 2nd period - Snap shot by Antoine Roussel.
4:19 of 2nd period - Goal by Antoine Roussel - Blackhawks : 2 - Senateurs : 0.
4:20 of 2nd period - Sidney Crosby wins face-off versus Jordan Staal in neutral zone.
4:46 of 2nd period - Derick Brassard is hit by Matt Martin and loses puck.
4:57 of 2nd period - Wrist shot by Derick Brassard.
4:57 of 2nd period - Shot Misses the Net.
5:53 of 2nd period - Garnet Hathaway is hit by Sidney Crosby and loses puck.
6:21 of 2nd period - Slapshot by Rostislav Olesz.
6:21 of 2nd period - Shot Misses the Net.
6:23 of 2nd period - Snap shot by Sidney Crosby.
6:23 of 2nd period - Stopped by Tuukka Rask with a rebound.
6:25 of 2nd period - Snap shot by Sidney Crosby.
6:25 of 2nd period - Shot Misses the Net.
6:27 of 2nd period - Wrist shot by Mike Green.
6:27 of 2nd period - Shot Blocked by Alexander Frolov.
6:29 of 2nd period - Slapshot by Cody Franson.
6:29 of 2nd period - Stopped by Tuukka Rask with a rebound.
6:31 of 2nd period - Snap shot by Rostislav Olesz.
6:31 of 2nd period - Stopped by Tuukka Rask without a rebound.
6:32 of 2nd period - Jordan Staal wins face-off versus Jean-Gabriel Pageau in Blackhawks zone.
7:03 of 2nd period - Snap shot by Sergei Kostitsyn.
7:03 of 2nd period - Goal by Sergei Kostitsyn - Blackhawks : 2 - Senateurs : 1.
7:04 of 2nd period - Jean-Gabriel Pageau wins face-off versus Jordan Staal in neutral zone.
7:29 of 2nd period - Jordan Staal is hit by Eric Gelinas and loses puck.
7:48 of 2nd period - Minor Penalty to Jakob Silfverberg for Holding.
7:49 of 2nd period - Johnny Gaudreau wins face-off versus Sidney Crosby in Blackhawks zone.
8:36 of 2nd period - Minor Penalty to Rostislav Olesz for Holding.
8:37 of 2nd period - Sidney Crosby wins face-off versus Johnny Gaudreau in Senateurs zone.
8:43 of 2nd period - Slapshot by Taylor Chorney.
8:43 of 2nd period - Deflect By Reilly Smith.
8:43 of 2nd period - Shot Misses the Net.
8:43 of 2nd period - Puck is out of play.
8:44 of 2nd period - Johnny Gaudreau wins face-off versus Sidney Crosby in Blackhawks zone.
8:44 of 2nd period - Johnny Gaudreau is hit by Eric Gelinas.
8:52 of 2nd period - Wrist shot by Jamie McBain.
8:52 of 2nd period - Stopped by Brian Elliott with a rebound.
9:30 of 2nd period - Slapshot by Loui Eriksson.
9:30 of 2nd period - Stopped by Tuukka Rask with a rebound.
9:32 of 2nd period - Slapshot by Mike Green.
9:32 of 2nd period - Shot Blocked by Calvin de Haan.
9:34 of 2nd period - Slapshot by Loui Eriksson.
9:34 of 2nd period - Shot Misses the Net.
9:36 of 2nd period - Snap shot by Mike Green.
9:36 of 2nd period - Deflect By Jean-Gabriel Pageau.
9:36 of 2nd period - Stopped by Tuukka Rask without a rebound.
9:37 of 2nd period - Alexander Frolov wins face-off versus Sidney Crosby in Blackhawks zone.
9:48 of 2nd period - Penalty to Jakob Silfverberg is over, Jakob Silfverberg is back on ice.
10:10 of 2nd period - Snap shot by Jordan Staal.
10:10 of 2nd period - Stopped by Brian Elliott with a rebound.
10:36 of 2nd period - Penalty to Rostislav Olesz is over, Rostislav Olesz is back on ice.
11:27 of 2nd period - Snap shot by Loui Eriksson.
11:27 of 2nd period - Stopped by Tuukka Rask with a rebound.
11:29 of 2nd period - Slapshot by Brandon Burlon.
11:29 of 2nd period - Stopped by Tuukka Rask with a rebound.
11:41 of 2nd period - Minor Penalty to Derick Brassard for High sticking.
11:42 of 2nd period - Sidney Crosby wins face-off versus Johnny Gaudreau in Blackhawks zone.
11:53 of 2nd period - Snap shot by Rostislav Olesz.
11:53 of 2nd period - Stopped by Tuukka Rask without a rebound.
11:54 of 2nd period - Johnny Gaudreau wins face-off versus Sidney Crosby in Blackhawks zone.
12:11 of 2nd period - Snap shot by Jakob Silfverberg.
12:11 of 2nd period - Stopped by Brian Elliott with a rebound.
13:41 of 2nd period - Penalty to Derick Brassard is over, Derick Brassard is back on ice.
14:12 of 2nd period - Wrist shot by Bobby Ryan.
14:12 of 2nd period - Stopped by Tuukka Rask without a rebound.
14:13 of 2nd period - Ryan Getzlaf wins face-off versus Blake Wheeler in Blackhawks zone.
14:16 of 2nd period - Snap shot by Bobby Ryan.
14:16 of 2nd period - Stopped by Tuukka Rask with a rebound.
14:18 of 2nd period - Snap shot by Ryan Getzlaf.
14:18 of 2nd period - Goal by Ryan Getzlaf - Blackhawks : 2 - Senateurs : 2.
14:19 of 2nd period - Sidney Crosby wins face-off versus Jordan Staal in neutral zone.
14:42 of 2nd period - Icing by Eric Gelinas.
14:43 of 2nd period - Antoine Roussel wins face-off versus Sidney Crosby in Senateurs zone.
14:52 of 2nd period - Wrist shot by Antoine Roussel.
14:52 of 2nd period - Stopped by Brian Elliott without a rebound.
14:53 of 2nd period - Jean-Gabriel Pageau wins face-off versus Derick Brassard in Senateurs zone.
14:53 of 2nd period - Jean-Gabriel Pageau is hit by Derick Brassard.
15:19 of 2nd period - Antoine Roussel is hit by Taylor Chorney.
16:41 of 2nd period - Slapshot by Peter Mueller.
16:41 of 2nd period - Stopped by Tuukka Rask with a rebound.
16:55 of 2nd period - Wrist shot by Colby Armstrong.
16:55 of 2nd period - Stopped by Brian Elliott without a rebound.
16:56 of 2nd period - Nick Bonino wins face-off versus Ryan Getzlaf in Senateurs zone.
17:15 of 2nd period - Slapshot by Bobby Ryan.
17:15 of 2nd period - Shot Misses the Net.
17:17 of 2nd period - Wrist shot by Ryan Getzlaf.
17:17 of 2nd period - Shot Blocked by Nick Bonino.
17:19 of 2nd period - Snap shot by Michael Raffl.
17:19 of 2nd period - Shot Blocked by Nick Bonino.
17:50 of 2nd period - Slapshot by Ryan Getzlaf.
17:50 of 2nd period - Stopped by Tuukka Rask without a rebound.
17:51 of 2nd period - Sidney Crosby wins face-off versus Jordan Staal in Blackhawks zone.
17:51 of 2nd period - Sidney Crosby is hit by Jordan Staal.
18:25 of 2nd period - Wrist shot by Derick Brassard.
18:25 of 2nd period - Stopped by Brian Elliott with a rebound.
18:27 of 2nd period - Wrist shot by Blake Wheeler.
18:27 of 2nd period - Shot Misses the Net.
18:29 of 2nd period - Snap shot by John Carlson.
18:29 of 2nd period - Stopped by Brian Elliott without a rebound.
18:30 of 2nd period - James Wright wins face-off versus Sidney Crosby in Senateurs zone.
18:43 of 2nd period - Snap shot by Garnet Hathaway.
18:43 of 2nd period - Shot Misses the Net.
19:42 of 2nd period - Snap shot by Antoine Roussel.
19:42 of 2nd period - Deflect By Michael Matheson.
19:42 of 2nd period - Stopped by Brian Elliott with a rebound.
19:44 of 2nd period - Snap shot by Calvin de Haan.
19:44 of 2nd period - Stopped by Brian Elliott with a rebound.
Goals for this period are 1 for Blackhawks vs 2 for Senateurs.
Shots for this period are 14 for Blackhawks vs 14 for Senateurs.

3rd period


0:01 of 3rd period - Sidney Crosby wins face-off versus Jordan Staal in neutral zone.
0:04 of 3rd period - Jamie McBain is hit by Sidney Crosby.
0:23 of 3rd period - Icing by Rostislav Olesz.
0:24 of 3rd period - Derick Brassard wins face-off versus Rickard Rakell in Senateurs zone.
0:37 of 3rd period - Derick Brassard is hit by Matt Martin.
1:22 of 3rd period - Slapshot by Nick Bonino.
1:22 of 3rd period - Stopped by Brian Elliott without a rebound.
1:23 of 3rd period - Nick Bonino wins face-off versus Jean-Gabriel Pageau in Senateurs zone.
1:48 of 3rd period - Taylor Chorney is hit by Jordan Staal and loses puck.
2:09 of 3rd period - Wrist shot by James Wright.
2:09 of 3rd period - Shot Misses the Net.
2:11 of 3rd period - Slapshot by Shane O'Brien.
2:11 of 3rd period - Shot Blocked by Eric Gelinas.
2:13 of 3rd period - Snap shot by Alexander Frolov.
2:13 of 3rd period - Stopped by Brian Elliott without a rebound.
2:14 of 3rd period - James Wright wins face-off versus Sidney Crosby in Senateurs zone.
2:51 of 3rd period - Slapshot by Matt Martin.
2:51 of 3rd period - Stopped by Tuukka Rask with a rebound.
3:04 of 3rd period - Off-side.
3:05 of 3rd period - Derick Brassard wins face-off versus Ryan Getzlaf in neutral zone.
3:09 of 3rd period - Off-side.
3:10 of 3rd period - Jordan Staal wins face-off versus Sidney Crosby in neutral zone.
3:22 of 3rd period - Minor Penalty to John Carlson for High sticking.
3:23 of 3rd period - Sidney Crosby wins face-off versus Johnny Gaudreau in Blackhawks zone.
5:22 of 3rd period - Penalty to John Carlson is over, John Carlson is back on ice.
5:32 of 3rd period - Loui Eriksson is hit by Calvin de Haan and loses puck.
5:46 of 3rd period - Wrist shot by Brett Maclean.
5:46 of 3rd period - Shot Blocked by Brandon Burlon.
5:59 of 3rd period - Off-side.
6:00 of 3rd period - Antoine Roussel wins face-off versus Ryan Getzlaf in neutral zone.
6:24 of 3rd period - Jordan Staal is hit by Rostislav Olesz and loses puck.
6:29 of 3rd period - Wrist shot by Reilly Smith.
6:29 of 3rd period - Shot Misses the Net.
6:38 of 3rd period - Off-side.
6:39 of 3rd period - James Wright wins face-off versus Jean-Gabriel Pageau in neutral zone.
6:42 of 3rd period - Jean-Gabriel Pageau is hit by Alexander Frolov and loses puck.
7:07 of 3rd period - Slapshot by Johnny Gaudreau.
7:07 of 3rd period - Shot Blocked by Rostislav Olesz.
7:09 of 3rd period - Wrist shot by Jakob Silfverberg.
7:09 of 3rd period - Shot Misses the Net.
8:10 of 3rd period - Wrist shot by Matt Martin.
8:10 of 3rd period - Shot Misses the Net.
8:12 of 3rd period - Snap shot by Rickard Rakell.
8:12 of 3rd period - Deflect By Calvin de Haan.
8:12 of 3rd period - Stopped by Tuukka Rask with a rebound.
8:14 of 3rd period - Wrist shot by Matt Martin.
8:14 of 3rd period - Shot Misses the Net.
8:24 of 3rd period - Minor Penalty to Raphael Diaz for Hooking.
8:25 of 3rd period - Sidney Crosby wins face-off versus Johnny Gaudreau in Blackhawks zone.
8:52 of 3rd period - Antoine Roussel is hit by Bobby Ryan and loses puck.
9:03 of 3rd period - Slapshot by Cody Franson.
9:03 of 3rd period - Deflect By Matt Martin.
9:03 of 3rd period - Goal by Matt Martin - Blackhawks : 2 - Senateurs : 3.
9:04 of 3rd period - Johnny Gaudreau wins face-off versus Sidney Crosby in neutral zone.
9:11 of 3rd period - Slapshot by Jakob Silfverberg.
9:11 of 3rd period - Shot Misses the Net.
9:39 of 3rd period - Off-side.
9:40 of 3rd period - Derick Brassard wins face-off versus Rickard Rakell in neutral zone.
9:44 of 3rd period - Off-side.
9:45 of 3rd period - Jean-Gabriel Pageau wins face-off versus Derick Brassard in neutral zone.
9:50 of 3rd period - Derick Brassard is hit by Mike Green.
9:58 of 3rd period - Jean-Gabriel Pageau is hit by Calvin de Haan and loses puck.
10:15 of 3rd period - Slapshot by Johnny Gaudreau.
10:15 of 3rd period - Stopped by Brian Elliott with a rebound.
10:37 of 3rd period - Bobby Ryan is hit by Raphael Diaz and loses puck.
10:50 of 3rd period - Raphael Diaz is hit by Peter Mueller and loses puck.
11:11 of 3rd period - Wrist shot by Johnny Gaudreau.
11:11 of 3rd period - Stopped by Brian Elliott with a rebound.
11:38 of 3rd period - Off-side.
11:39 of 3rd period - Reilly Smith wins face-off versus Derick Brassard in neutral zone.
11:42 of 3rd period - Slapshot by Taylor Chorney.
11:42 of 3rd period - Shot Blocked by Shane O'Brien.
11:45 of 3rd period - Icing by Blake Wheeler.
11:46 of 3rd period - Sidney Crosby wins face-off versus Derick Brassard in Blackhawks zone.
11:47 of 3rd period - Slapshot by Rostislav Olesz.
11:47 of 3rd period - Stopped by Tuukka Rask with a rebound.
11:49 of 3rd period - Wrist shot by Rostislav Olesz.
11:49 of 3rd period - Shot Misses the Net.
11:51 of 3rd period - Slapshot by Eric Gelinas.
11:51 of 3rd period - Stopped by Tuukka Rask with a rebound.
12:01 of 3rd period - Matthew Spiller is hit by Reilly Smith and loses puck.
12:02 of 3rd period - Matthew Spiller from Blackhawks is injured at 12:02 of 3rd period (Sprained Right Ankle).
12:03 of 3rd period - Jordan Staal wins face-off versus Jean-Gabriel Pageau in Blackhawks zone.
12:59 of 3rd period - Icing by Mike Green.
13:00 of 3rd period - Ryan Getzlaf wins face-off versus Jordan Staal in Senateurs zone.
13:06 of 3rd period - Minor Penalty to Jakob Silfverberg for Hooking.
13:07 of 3rd period - Sidney Crosby wins face-off versus Johnny Gaudreau in Blackhawks zone.
15:06 of 3rd period - Penalty to Jakob Silfverberg is over, Jakob Silfverberg is back on ice.
16:35 of 3rd period - Slapshot by Jamie McBain.
16:35 of 3rd period - Deflect By Brett Maclean.
16:35 of 3rd period - Shot Misses the Net.
16:35 of 3rd period - Puck is out of play.
16:36 of 3rd period - Nick Bonino wins face-off versus Loui Eriksson in Senateurs zone.
17:06 of 3rd period - Wrist shot by Jordan Staal.
17:06 of 3rd period - Goal by Jordan Staal - Blackhawks : 3 - Senateurs : 3.
17:07 of 3rd period - Sidney Crosby wins face-off versus James Wright in neutral zone.
17:09 of 3rd period - Minor Penalty to Mike Green for Roughing.
17:10 of 3rd period - Sidney Crosby wins face-off versus Johnny Gaudreau in Senateurs zone.
17:22 of 3rd period - Snap shot by Johnny Gaudreau.
17:22 of 3rd period - Stopped by Brian Elliott with a rebound.
17:24 of 3rd period - Wrist shot by Jordan Staal.
17:24 of 3rd period - Stopped by Brian Elliott with a rebound.
17:26 of 3rd period - Wrist shot by Jordan Staal.
17:26 of 3rd period - Stopped by Brian Elliott with a rebound.
19:09 of 3rd period - Penalty to Mike Green is over, Mike Green is back on ice.
19:16 of 3rd period - Wrist shot by Garnet Hathaway.
19:16 of 3rd period - Stopped by Brian Elliott with a rebound.
19:18 of 3rd period - Snap shot by Alexander Frolov.
19:18 of 3rd period - Goal by Alexander Frolov - Blackhawks : 4 - Senateurs : 3.
19:19 of 3rd period - Sidney Crosby wins face-off versus Jordan Staal in neutral zone.
19:42 of 3rd period - Wrist shot by Jakob Silfverberg.
19:42 of 3rd period - Stopped by Brian Elliott with a rebound.
19:44 of 3rd period - Snap shot by Jakob Silfverberg.
19:44 of 3rd period - Shot Misses the Net.
Goals for this period are 2 for Blackhawks vs 1 for Senateurs.
Shots for this period are 11 for Blackhawks vs 5 for Senateurs.